Map: Ujari

Players

Marmota

  • Race: Protoss Protoss
  • Spawn Location: 3:00

Tiger

  • Race: Terran Terran
  • Spawn Location: 0:00

Rouge

  • Race: Terran Terran
  • Spawn Location: 3:00

Metasapien

  • Race: Zerg Zerg
  • Spawn Location: 9:00

xXNETXx

  • Race: Terran Terran
  • League: Gold
  • Spawn Location: 0:00

cody

  • Race: Protoss Protoss
  • League: Silver
  • Spawn Location: 9:00

VOD

Have the link to the VOD?

Description

Time

  • Played on: Aug. 15, 2017, 3 p.m.
  • Length: 22:54
Show
View Real Time Build Order
Export as new Build Order

Marmota Protoss 

Build Orders:  

Get SALT Encoding   

  12  0:01  Probe (Chrono Boost)  
  13  0:12  Probe (Chrono Boost)  
  14  0:26  Probe (Chrono Boost)  
  15  0:29  Pylon  
  15  0:47  Probe (Chrono Boost)  
  16  0:58  Probe (Chrono Boost)  
  17  1:10  Probe (Chrono Boost)  
  18  1:12  Nexus  
  18  1:22  Gateway  
  18  1:29  Pylon  
  18  1:37  Forge  
  18  1:46  Probe (Chrono Boost)  
  19  1:52  Assimilator  
  19  1:58  Pylon  
  19  2:00  Probe (Chrono Boost)  
  20  2:14  Assimilator  
  20  2:19  Photon Cannon  
  20  2:22  Photon Cannon  
  20  2:34  Cybernetics Core  
  20  2:37  Probe (Chrono Boost)  
  20  2:40  Probe (Chrono Boost)  
  22  2:46  Zealot  
  22  2:48  Probe (Chrono Boost)  
  22  2:51  Probe (Chrono Boost)  
  26  3:01  Probe (Chrono Boost)  
  26  3:02  Probe (Chrono Boost)  
  28  3:12  Probe (Chrono Boost)  
  29  3:13  Probe (Chrono Boost)  
  29  3:14  Stalker  
  32  3:22  Probe (Chrono Boost)  
  32  3:23  Probe (Chrono Boost)  
  34  3:35  Mothership Core (Chrono Boost), Photon Cannon  
  34  3:39  Gateway  
  34  3:40  Warp Gate  
  36  3:48  Photon Cannon  
  36  3:51  Probe (Chrono Boost)  
  36  3:55  Probe (Chrono Boost)  
  38  4:01  Pylon  
  38  4:02  Probe (Chrono Boost)  
  39  4:05  Zealot  
  39  4:06  Probe (Chrono Boost)  
  43  4:17  Probe (Chrono Boost)  
  43  4:19  Probe (Chrono Boost)  
  44  4:25  Pylon  
  44  4:27  Probe (Chrono Boost)  
  44  4:29  Probe (Chrono Boost)  
  44  4:30  Protoss Ground Weapons Level 1  
  46  4:33  Stalker  
  48  4:39  Gateway  
  48  4:47  Pylon  
  48  4:53  Stalker  
  50  5:00  Robotics Facility  
  50  5:04  Gateway  
  50  5:09  Gateway  
  50  5:13  Probe (Chrono Boost)  
  51  5:17  Assimilator  
  51  5:19  Photon Cannon  
  51  5:24  Photon Cannon, Probe (Chrono Boost)  
  51  5:27  Stalker  
  54  5:30  Stalker  
  54  5:31  Stalker  
  58  5:36  Probe (Chrono Boost)  
  58  5:41  Assimilator  
  59  5:47  Observer, Probe (Chrono Boost)  
  61  5:52  Twilight Council  
  61  5:56  Photon Cannon  
  61  6:12  Immortal  
  61  6:13  Stalker x3  
  61  6:14  Stalker  
  73  6:30  Gateway  
  73  6:46  Pylon  
  73  6:50  Pylon  
  73  6:55  Probe (Chrono Boost)  
  73  6:58  Protoss Shields Level 1  
  74  7:02  Immortal  
  74  7:06  Probe (Chrono Boost)  
  74  7:07  Blink, Robotics Facility  
  79  7:17  Dark Shrine  
  79  7:19  Pylon  
  79  7:33  Stalker x2  
  79  7:34  Stalker x2  
  79  7:35  Nexus  
  87  7:37  Sentry  
  89  7:51  Pylon  
  89  7:55  Pylon  
  89  7:56  Immortal  
  93  8:00  Immortal  
  97  8:29  Robotics Bay  
  97  8:36  Dark Templar  
  97  8:37  Dark Templar  
  97  8:39  Zealot x2  
  97  8:40  Zealot x2  
  109  8:43  Archon  
  109  8:53  Assimilator  
  109  8:58  Assimilator  
  109  9:07  Charge  
  109  9:12  Probe (Chrono Boost)  
  110  9:22  Probe (Chrono Boost)  
  111  9:30  Colossus x2  
  123  9:33  Probe (Chrono Boost)  
  123  9:35  Extended Thermal Lance  
  123  9:37  Zealot x3  
  123  9:38  Zealot  
  132  9:43  Pylon, Probe (Chrono Boost)  
  133  9:48  Pylon  
  133  10:00  Protoss Ground Armor Level 1  
  133  10:01  Probe (Chrono Boost)  
  134  10:12  Nexus, Probe (Chrono Boost)  
  135  10:22  Probe (Chrono Boost)  
  135  10:24  Disruptor x2  
  142  10:33  Probe (Chrono Boost)  
  143  10:43  Probe (Chrono Boost)  
  143  10:46  Dark Templar x2  
  148  10:54  Pylon, Probe (Chrono Boost)  
  149  10:58  Photon Cannon  
  149  11:02  Photon Cannon  
  149  11:10  Archon  
  149  11:23  Observer x2  
  151  11:35  Assimilator  
  151  11:47  Dark Templar  
  151  11:48  Dark Templar x4  
  151  11:49  Dark Templar  
  151  11:54  Protoss Ground Weapons Level 2, Archon x2  
  163  11:55  Archon  
  163  12:02  Colossus  
  169  12:08  Probe (Chrono Boost)  
  169  12:12  Assimilator  
  170  12:17  Pylon  
  170  12:19  Pylon, Probe (Chrono Boost)  
  170  12:22  Pylon  
  171  12:26  Pylon  
  171  12:34  Colossus  
  177  12:44  Dark Templar  
  177  12:45  Dark Templar x4  
  177  12:46  Dark Templar  
  177  12:50  Archon  
  177  12:51  Archon x2  
  189  12:57  Forge  
  136  15:01  Dark Templar x3  
  136  15:02  Dark Templar x3  
  136  15:06  Archon  
  136  15:07  Archon x2  
  142  15:22  Protoss Ground Weapons Level 3 (Chrono Boost)  
  142  15:30  Observer x2  
  120  16:24  Dark Templar x2  
  120  16:25  Dark Templar x4  
  130  16:28  Protoss Shields Level 2 (Chrono Boost)  
  132  16:38  Colossus x2  
  144  16:43  Archon x2  
  144  16:44  Archon  
  144  17:07  Sentry  
  146  17:10  Sentry x2  
  146  17:11  Sentry  
  146  17:12  Sentry x2  
  156  17:36  Stalker x2  
  156  17:37  Stalker x3  
  162  17:38  Stalker  
  168  17:52  Disruptor, Protoss Ground Armor Level 2 (Chrono Boost)  
  168  17:53  Disruptor  
  174  18:23  Stalker x2  
  174  18:24  Stalker x2  
  174  18:25  Stalker x2  
  186  18:34  Observer Gravitic Boosters  
  186  18:40  Protoss Shields Level 3 (Chrono Boost)  
  186  18:55  Stalker x2  
  190  18:56  Stalker x2  
  190  18:57  Stalker x2  
  96  21:36  Dark Templar x2  
  96  21:37  Dark Templar x4  
  108  21:40  Colossus x2  
  108  21:43  Archon x2  
  108  21:44  Archon  
  118  22:19  Dark Templar x4  
  118  22:20  Dark Templar x2  
  130  22:26  Archon x2  
  130  22:27  Archon  
Show
View Real Time Build Order
Export as new Build Order

Tiger Terran 

Build Orders: MMM Bio 

Get SALT Encoding   

  12  0:01  SCV  
  13  0:13  SCV  
  14  0:25  SCV  
  15  0:40  Supply Depot  
  15  1:01  SCV  
  16  1:13  SCV  
  16  1:17  Barracks  
  17  1:26  SCV  
  17  1:30  Command Center  
  18  1:38  SCV  
  19  2:02  Barracks  
  19  2:03  Refinery  
  19  2:04  Barracks  
  19  2:05  SCV, Refinery  
  20  2:17  SCV  
  21  2:23  Supply Depot  
  22  2:45  Supply Depot  
  22  2:59  Orbital Command  
  21  3:11  Barracks Tech Lab, Barracks Reactor x2  
  21  3:29  Orbital Command  
  21  3:31  SCV  
  22  3:41  Factory  
  22  3:43  SCV  
  22  3:46  Engineering Bay  
  22  3:48  Engineering Bay  
  23  3:54  Marine  
  23  3:55  Marine x4  
  28  4:00  Combat Shields  
  28  4:12  Marine  
  29  4:20  Marine  
  29  4:21  Marine x3  
  33  4:28  Starport  
  33  4:29  Factory Tech Lab  
  33  4:30  Marine  
  34  4:32  SCV x2  
  36  4:44  SCV  
  37  4:53  SCV  
  37  4:56  SCV  
  37  4:58  Siege Tank  
  42  5:05  Missile Turret, SCV  
  43  5:09  Missile Turret  
  43  5:26  Stimpack  
  43  5:30  Starport Reactor  
  43  5:36  Marine  
  43  5:37  Marine x4  
  48  5:54  Marine  
  48  5:55  Marine  
  50  6:07  Medivac  
  50  6:08  Medivac  
  54  6:24  Refinery  
  54  6:25  Refinery  
  54  6:30  SCV  
  54  6:52  Sensor Tower  
  54  7:01  Supply Depot  
  54  7:02  Supply Depot x2  
  54  7:03  Supply Depot  
  54  7:09  Terran Infantry Armor Level 1  
  54  7:22  Marine, Medivac x2  
  54  7:23  SCV x2  
  54  7:26  Supply Depot  
  61  7:35  SCV x2  
  63  7:47  SCV x2  
  63  7:49  Marine x5  
  70  7:52  Terran Infantry Weapons Level 1, Medivac x2  
  74  8:06  Marine  
  74  8:07  Marine x2  
  77  8:23  Marine x2  
  77  8:24  Marine  
  77  8:25  Marine x2  
  82  8:38  Siege Tank  
  82  8:41  Marine x2  
  85  8:42  Marine x3  
  90  8:59  Marine x2  
  90  9:00  Marine x2  
  90  9:02  Command Center  
  94  9:12  Supply Depot x2  
  94  9:17  Supply Depot  
  94  9:33  Marine x3, Siege Tank  
  94  9:36  Supply Depot  
  100  10:24  Orbital Command  
  100  10:25  Armory  
  100  10:26  SCV x2  
  102  10:38  SCV  
  103  10:57  Marine x5  
  103  10:58  Siege Tank  
  96  11:30  Siege Tank  
  83  11:52  Medivac x2  
  85  11:57  SCV  
  85  11:58  SCV x2  
  88  12:03  Siege Tank  
  88  12:07  Refinery  
  91  12:09  SCV  
  91  12:10  SCV x2, Refinery  
  94  12:21  SCV  
  94  12:22  Medivac x2, SCV x2  
  100  12:23  Command Center  
  96  12:33  SCV  
  96  12:34  SCV x2  
  99  12:45  SCV  
  99  12:46  SCV x2  
  99  12:51  Marine x5  
  83  12:52  Medivac x2  
  79  13:08  Marine  
  79  13:09  Marine x4  
  78  13:22  Medivac x2  
  78  13:24  Siege Tank  
  78  13:26  Marine  
  86  13:27  Marine x4  
  90  13:44  Marine  
  90  13:45  Marine x4  
  95  13:52  Medivac x2  
  96  13:56  Siege Tank  
  96  14:02  Marine x5  
  101  14:16  Terran Infantry Armor Level 2, Terran Infantry Weapons Level 2  
  101  14:18  Terran Vehicle Weapons Level 1  
  101  14:20  Marine  
  101  14:22  Medivac  
  104  14:29  Siege Tank  
  76  15:01  Siege Tank  
  71  15:28  Marine x5  
  72  15:31  Medivac x2  
  72  15:33  Siege Tank  
  83  15:45  Marine  
  83  15:46  Marine x4  
  84  16:01  Medivac x2  
  84  16:03  Marine, Planetary Fortress  
  84  16:04  Marine x4, SCV  
  89  16:05  Siege Tank  
  89  16:07  SCV x2  
  99  16:16  SCV  
  100  16:19  SCV x2  
  100  16:21  Marine x4  
  100  16:22  Marine  
  107  16:28  SCV  
  107  16:31  SCV x2, Medivac  
  112  16:35  Terran Vehicle Weapons Level 2  
  112  16:37  Siege Tank  
  112  16:39  Marine x5  
  119  16:40  SCV  
  119  16:43  SCV  
  119  16:44  SCV  
  123  16:53  SCV  
  124  16:55  SCV  
  124  16:56  SCV  
  124  16:57  Marine  
  124  17:00  Refinery  
  127  17:01  Refinery  
  127  17:06  Marine x4  
  131  17:09  Siege Tank  
  131  17:15  Marine  
  135  17:23  Marine  
  135  17:24  Marine x3  
  139  17:33  Marine  
  140  17:41  Marine  
  140  17:42  Marine x3  
  144  17:51  Marine  
  145  17:59  Marine x2  
  147  18:14  Sensor Tower  
  147  18:47  Supply Depot  
  147  18:48  Supply Depot  
  147  18:52  Liberator x2  
  147  19:00  Marine  
  147  19:01  Marine x4  
  152  19:03  Siege Tank  
  161  19:11  Supply Depot  
  161  19:16  Supply Depot  
  161  19:18  Marine  
  161  19:19  Marine x4  
  166  19:35  Siege Tank, Liberator x2  
  166  19:36  Marine  
  166  19:37  Marine x4, Supply Depot  
  174  19:39  Supply Depot  
  174  19:43  Fusion Core  
  174  19:50  Starport  
  180  19:54  Marine x5  
  185  20:00  Supply Depot  
  185  20:07  Siege Tank  
  185  20:12  Marine  
  189  20:18  Command Center  
  189  20:35  Medivac x2  
  193  20:39  Siege Tank  
  196  21:05  Medivac x2  
  194  21:35  Medivac x2  
  194  22:05  Medivac  
Show
View Real Time Build Order
Export as new Build Order

Rouge Terran 

Build Orders: Command Center First (CC) 

Get SALT Encoding   

  12  0:03  SCV  
  13  0:15  SCV  
  14  0:30  Supply Depot  
  14  0:32  SCV  
  15  1:06  Command Center  
  15  1:12  Barracks  
  15  1:15  SCV  
  16  1:19  Refinery  
  16  1:27  SCV  
  17  1:51  Barracks  
  17  1:57  SCV  
  17  2:01  Marine, Supply Depot  
  19  2:09  SCV  
  19  2:14  Refinery  
  20  2:19  Marine  
  21  2:33  Orbital Command  
  21  2:40  Barracks Tech Lab  
  21  2:42  Barracks Reactor  
  21  2:50  Orbital Command  
  21  3:12  SCV  
  22  3:21  Command Center  
  22  3:26  Marine x2  
  24  3:29  Marauder  
  24  3:33  Concussive Shells  
  26  3:42  Refinery  
  26  3:48  SCV  
  26  3:49  SCV, Refinery  
  28  4:00  SCV  
  28  4:01  SCV  
  30  4:07  Engineering Bay  
  30  4:21  Marauder  
  30  4:22  Marine x2  
  34  4:29  SCV  
  34  4:30  SCV  
  36  4:40  SCV  
  36  4:42  SCV, Marauder  
  40  4:51  Command Center  
  40  4:58  SCV x2  
  42  5:15  Factory  
  42  5:22  SCV  
  42  5:28  Terran Infantry Weapons Level 1  
  43  5:38  Marine x2  
  43  5:40  Marauder  
  43  5:42  Factory  
  47  5:48  SCV x3  
  50  5:56  Marine x2  
  52  6:02  Marauder  
  54  6:07  Orbital Command  
  54  6:13  Marine  
  54  6:14  Marine  
  56  6:19  Starport  
  56  6:20  Starport  
  56  6:24  Starport  
  56  6:25  Armory  
  56  6:31  Marine x2  
  58  6:38  Factory Tech Lab  
  58  6:39  Factory Tech Lab  
  58  6:49  Marine x2  
  58  6:50  Marauder  
  62  7:02  SCV x4  
  62  7:07  Marine x2  
  68  7:11  Marauder  
  68  7:14  SCV x4  
  68  7:15  Terran Vehicle Weapons Level 1  
  74  7:20  Armory  
  74  7:22  Terran Infantry Armor Level 1  
  74  7:25  Marine x2  
  76  7:40  Supply Depot  
  76  7:41  Supply Depot  
  76  7:44  Starport Tech Lab x3  
  76  7:50  Starport  
  76  8:02  SCV, Marauder  
  76  8:03  Supply Depot  
  76  8:05  Supply Depot  
  79  8:08  Armory  
  79  8:10  Siege Tank x2  
  85  8:13  Marine x2  
  87  8:21  Stimpack  
  87  8:23  Marauder  
  87  8:24  Orbital Command  
  89  8:28  Refinery  
  89  8:31  Marine x2  
  89  8:32  Refinery  
  91  8:36  Refinery  
  91  8:38  Refinery  
  91  8:45  Marauder  
  93  8:48  Marine  
  93  8:49  Marine, Starport Tech Lab  
  93  8:54  Hyperflight Rotors  
  95  9:06  Marine x2, Marauder  
  99  9:12  Terran Vehicle And Ship Armor Level 1  
  99  9:13  Terran Ship Weapons Level 1, Fusion Core  
  99  9:14  Terran Vehicle Weapons Level 2  
  99  9:16  Terran Infantry Weapons Level 2  
  99  9:42  Siege Tank x2  
  105  9:55  Marine x2  
  107  10:03  SCV  
  108  10:10  Supply Depot  
  108  10:11  SCV x3  
  108  10:12  Marine x2, Supply Depot  
  105  10:14  Supply Depot  
  105  10:15  SCV  
  106  10:21  Combat Shields  
  106  10:23  SCV x2  
  108  10:32  Marine x2, SCV x2  
  108  10:34  Supply Depot  
  108  10:35  SCV x2  
  114  10:37  Supply Depot  
  114  10:38  Supply Depot  
  114  10:40  Weapon Refit  
  114  10:43  Battlecruiser  
  114  10:44  Battlecruiser, SCV x2  
  114  10:49  Marine x2  
  130  11:07  Supply Depot  
  130  11:11  Supply Depot  
  130  11:12  Battlecruiser x2  
  130  11:14  Supply Depot  
  130  11:16  Terran Vehicle And Ship Armor Level 2  
  142  11:27  Terran Ship Weapons Level 2  
  142  11:31  Terran Infantry Armor Level 2  
  142  12:13  Battlecruiser x2  
  154  12:22  Terran Vehicle Weapons Level 3  
  93  13:45  Battlecruiser x4  
  117  13:52  Marine x2  
  117  13:53  Marine  
  120  13:57  Hellion x2  
  120  13:59  Drilling Claws, Infernal Pre-Igniter  
  124  14:10  Marine x3  
  127  14:18  Hellion x2  
  131  14:28  Marine x3  
  122  14:39  Hellion  
  122  14:40  Hellion  
  126  14:46  Marine x3  
  129  15:01  Hellion x2  
  129  15:04  Marine  
  110  15:22  Hellion x2  
  108  16:08  Battlecruiser x4  
  108  16:11  Terran Vehicle And Ship Armor Level 3  
  132  16:15  Marine x2, Reaper  
  135  16:19  Hellion x2  
  139  16:32  Barracks  
  139  16:33  Marine x2  
  139  16:37  Barracks  
  141  16:40  Hellion x2  
  141  16:41  Barracks  
  145  16:47  Marine  
  145  16:48  Engineering Bay  
  145  16:51  Marine x2  
  148  17:01  Hellion  
  148  17:02  Hellion  
  148  17:05  Marine  
  153  17:09  Marine x2  
  153  17:12  Battlecruiser  
  161  17:19  Supply Depot  
  161  17:20  Supply Depot  
  161  17:23  Marine, Hellion x2  
  161  17:26  Marine  
  161  17:27  Marine  
  168  17:41  Marine  
  168  17:42  Supply Depot  
  168  17:43  Supply Depot  
  169  17:44  Marine x2, Hellion x2  
  175  17:58  Marine  
  175  18:02  Marine x2  
  178  18:06  Supply Depot, Hellion x2  
  178  18:07  Supply Depot  
  164  18:16  Marine  
  147  18:20  Marine x2  
  147  18:26  Battlecruiser x3  
  147  18:27  Battlecruiser, Hellion x2  
  169  18:38  Marine  
  164  18:48  Hellion  
  164  18:49  Hellion  
  166  19:07  Barracks Reactor x2  
  166  19:08  Barracks Reactor  
  166  19:10  Terran Infantry Weapons Level 3  
  166  19:13  Terran Infantry Armor Level 3  
  165  19:29  Marine x3  
  165  19:30  Battlecruiser  
  174  19:47  Marine x3  
  177  20:04  Marine  
  106  21:02  Battlecruiser x2  
  106  21:03  Battlecruiser x2  
  126  21:12  Marine x3  
  126  21:13  Marine x3  
  131  21:30  Marine x4  
  131  21:31  Marine x2  
  137  21:48  Marine x5  
  137  21:49  Marine  
  143  22:06  Marine x6  
Show
View Real Time Build Order
Export as new Build Order

Metasapien Zerg 

Build Orders: Pool First 

Get SALT Encoding   

  12  0:01  Drone  
  13  0:23  Spawning Pool  
  12  0:28  Extractor  
  12  0:30  Drone  
  12  0:35  Drone  
  13  0:44  Overlord  
  13  0:51  Drone  
  14  1:02  Drone  
  15  1:04  Drone  
  16  1:14  Drone  
  17  1:19  Queen  
  19  1:50  Drone  
  19  1:51  Drone  
  19  1:52  Hatchery  
  20  1:55  Zergling x2  
  21  2:09  Extractor  
  21  2:10  Drone  
  21  2:13  Overlord  
  21  2:30  Queen  
  23  2:52  Drone x2  
  23  2:53  Drone x2  
  23  2:55  Metabolic Boost  
  27  3:08  Drone  
  28  3:13  Drone x2  
  28  3:14  Drone x2  
  31  3:30  Lair  
  31  3:48  Evolution Chamber  
  30  3:50  Zergling x6  
  30  3:54  Drone x2  
  35  4:12  Overlord x2  
  36  4:45  Drone  
  36  4:46  Drone x2  
  36  4:47  Queen  
  40  4:56  Spire  
  40  4:59  Hydralisk Den  
  38  5:01  Zerg Missile Weapons Level 1  
  38  5:05  Zergling x6  
  41  5:13  Drone x2  
  43  5:17  Overseer  
  43  5:29  Drone  
  43  5:30  Drone  
  43  5:31  Hatchery  
  44  5:43  Evolution Chamber  
  44  5:49  Drone x3  
  46  5:54  Extractor  
  46  5:55  Extractor  
  44  6:24  Zerg Ground Armor Level 1  
  44  6:27  Corruptor x3  
  44  6:32  Overlord x2  
  50  6:33  Overlord x3  
  50  6:37  Muscular Augments  
  50  6:42  Infestation Pit  
  49  6:52  Queen  
  49  6:54  Pneumatized Carapace  
  51  6:55  Drone  
  51  6:56  Drone x5  
  51  6:58  Drone x5  
  62  7:27  Extractor  
  62  7:29  Extractor  
  60  7:30  Hydralisk x4  
  60  7:31  Hydralisk x3  
  60  7:32  Hydralisk  
  76  7:44  Burrow  
  76  7:55  Drone x3  
  79  8:00  Drone x3  
  79  8:02  Overlord x2  
  82  8:14  Drone x2  
  82  8:15  Drone  
  82  8:16  Drone  
  82  8:19  Drone  
  87  8:20  Drone  
  87  8:27  Corruptor x3  
  94  8:34  Neural Parasite  
  94  8:37  Zerg Flyer Weapons Level 1  
  94  8:48  Drone x2  
  94  8:49  Drone  
  94  8:50  Overlord x2  
  94  8:51  Overlord  
  97  9:01  Drone  
  97  9:02  Drone  
  99  9:03  Drone  
  100  9:13  Spine Crawler  
  100  9:16  Drone  
  100  9:17  Spore Crawler  
  100  9:18  Drone  
  100  9:19  Drone x3  
  100  9:20  Drone  
  100  9:21  Overlord x3  
  104  9:36  Drone x3  
  107  9:39  Hatchery, Overlord  
  106  9:50  Hydralisk x2  
  106  9:51  Hydralisk x2  
  114  9:59  Nydus Network  
  113  10:16  Queen  
  115  10:23  Mutalisk x4  
  115  10:24  Mutalisk x2  
  127  10:32  Overlord x2  
  127  10:33  Overlord  
  127  10:37  Overseer x2  
  127  10:43  Hive  
  127  10:48  Infestor x2  
  127  10:49  Infestor x2  
  135  11:02  Zerg Flyer Armor Level 1  
  135  11:05  Spire  
  132  11:21  Infestor x3  
  132  11:22  Infestor  
  84  12:03  Corruptor x3  
  84  12:04  Infestor, Corruptor x2  
  84  12:05  Infestor x2  
  100  12:08  Drone  
  100  12:09  Drone x9  
  100  12:13  Queen x2  
  83  13:19  Hydralisk x2  
  84  13:20  Hydralisk x19  
  84  13:21  Hydralisk x3  
  125  13:35  Corruptor x2  
  59  14:28  Mutalisk  
  59  14:29  Mutalisk x2  
  51  14:51  Drone  
  51  14:55  Drone  
  51  15:05  Hatchery  
  50  15:08  Drone  
  50  15:31  Hatchery  
  49  15:59  Drone x14  
  49  16:05  Extractor  
  49  16:07  Extractor  
  47  16:54  Queen  
  47  16:57  Drone x5  
  47  16:58  Drone  
  55  17:09  Infestor  
  57  17:16  Greater Spire  
  57  17:41  Queen  
  59  17:48  Drone x3  
  62  18:05  Corruptor  
  62  18:06  Corruptor  
  62  18:07  Hatchery  
  65  18:13  Drone x5  
  65  18:14  Drone  
  71  18:22  Drone x2  
  71  18:23  Drone  
  74  18:33  Extractor  
  73  18:45  Extractor  
  72  18:48  Nydus Network  
  71  19:17  Hydralisk x4  
  71  19:19  Corruptor  
  71  19:20  Corruptor  
  71  19:21  Infestor x6  
  95  19:38  Pathogen Glands  
  95  19:41  Zerg Flyer Weapons Level 2  
  95  19:49  Drone x2  
  95  19:50  Drone x4  
  101  20:08  Infestor x7  
  101  20:13  Infestor x5  
  72  21:33  Infestor x5  
  72  21:34  Infestor x2  
  86  21:59  Corruptor x6  
Show
View Real Time Build Order
Export as new Build Order

xXNETXx Terran 

Build Orders: MMM Bio 

Get SALT Encoding   

  12  0:01  SCV  
  13  0:16  Supply Depot  
  13  0:18  SCV  
  14  0:32  Refinery  
  14  0:41  Barracks  
  14  0:47  SCV  
  15  1:01  Refinery  
  15  1:02  SCV  
  16  1:14  SCV  
  17  1:20  Supply Depot  
  17  1:26  SCV  
  18  1:39  Factory  
  18  1:45  Barracks Tech Lab  
  18  2:13  Marine  
  18  2:14  Stimpack  
  19  2:16  Orbital Command  
  19  2:24  Factory Tech Lab  
  19  2:28  Supply Depot  
  19  2:43  SCV  
  20  2:48  Supply Depot  
  20  3:01  SCV  
  20  3:04  Marine  
  20  3:05  Supply Depot  
  22  3:07  Siege Tank  
  25  3:22  Marine  
  25  3:24  SCV  
  27  3:35  Barracks  
  27  3:44  Marine  
  27  3:47  Siege Tank  
  32  3:48  SCV  
  32  4:01  Starport  
  32  4:07  Barracks  
  32  4:18  SCV  
  33  4:28  Siege Tank  
  33  4:30  SCV  
  37  4:33  Barracks Reactor  
  37  4:42  SCV  
  37  4:43  Marine  
  39  4:51  Supply Depot  
  39  4:53  Medivac  
  41  5:13  Marine x2  
  43  5:15  Supply Depot  
  43  5:29  Barracks Reactor  
  43  5:51  Starport Tech Lab  
  43  5:53  Starport Reactor  
  43  6:02  Supply Depot  
  43  6:04  Combat Shields  
  43  6:05  Siege Tank  
  43  6:07  Marine x2, Command Center  
  48  6:17  Marine  
  48  6:18  Marine  
  50  6:21  Engineering Bay  
  46  6:35  Marine x2  
  46  6:57  SCV  
  46  6:59  Marine x2  
  49  7:05  Starport  
  49  7:09  SCV  
  49  7:11  Missile Turret  
  49  7:14  Barracks  
  49  7:15  Barracks  
  50  7:16  Barracks  
  50  7:17  Marine  
  51  7:23  Supply Depot  
  51  7:33  Marine, Refinery  
  51  7:34  Marine  
  51  7:35  Refinery  
  53  7:37  Siege Tank  
  56  7:44  SCV  
  57  7:51  Marine  
  57  7:53  Missile Turret  
  58  8:04  Missile Turret  
  58  8:09  Starport Reactor  
  58  8:12  Barracks Reactor x2  
  58  8:14  Barracks Reactor  
  58  8:16  SCV  
  59  8:37  Orbital Command  
  59  8:38  SCV  
  60  8:47  Siege Tank, Sensor Tower  
  63  8:50  SCV  
  64  9:06  Terran Infantry Weapons Level 1  
  64  9:07  Marine x2  
  64  9:08  Marine x5  
  71  9:30  Factory  
  71  9:32  SCV  
  72  9:42  Marine x2  
  72  9:43  Marine x2  
  72  9:44  Marine x4  
  80  10:01  Marine x2  
  82  10:10  Marine x2  
  82  10:11  Marine  
  85  10:19  Marine  
  82  10:37  Liberator x3  
  82  10:40  Siege Tank  
  82  10:41  Marine  
  82  10:42  Marine x3  
  87  10:43  Marine x4  
  93  10:51  Sensor Tower  
  73  11:43  Siege Tank  
  73  11:46  Factory Tech Lab  
  76  11:54  Marine x11  
  87  12:11  Marine  
  87  12:12  Marine x4  
  92  12:15  Siege Tank  
  95  12:29  Marine  
  95  12:30  Marine x3  
  95  12:36  Command Center  
  99  12:38  Refinery  
  99  12:39  Refinery  
  99  12:45  Marine  
  99  12:46  Marine x2  
  99  12:50  Marine  
  99  12:51  Marine x4  
  101  12:54  Siege Tank  
  69  13:10  Marine x3  
  69  13:12  Marine x2  
  64  13:26  Siege Tank  
  48  13:49  Marine  
  48  13:50  Marine x10  
  56  14:07  Marine x3  
  56  14:08  Marine x8  
  64  14:25  Marine x5  
  63  14:32  Siege Tank  
  65  14:41  Marine  
  65  14:42  Marine x5  
  65  14:43  Marine x2  
  50  14:52  Marine  
  50  14:53  Marine x2  
  50  14:59  Marine x4  
  54  15:04  Siege Tank  
  54  15:05  Orbital Command  
  60  15:14  Medivac x3  
  66  15:23  Marine  
  66  15:24  Marine x7  
  74  15:32  Marine  
  74  15:33  Marine x2  
  77  15:41  SCV  
  78  15:48  Medivac x2  
  77  15:53  SCV  
  70  16:16  SCV  
  70  16:17  Supply Depot  
  71  16:19  Supply Depot  
  71  16:20  Supply Depot  
  71  16:22  Supply Depot  
  71  16:28  SCV  
  72  16:38  Marine x2  
  74  16:40  SCV  
  74  16:41  Marine  
  74  16:42  Marine x8, Supply Depot  
  84  16:50  Orbital Command  
  84  16:52  SCV  
  85  16:55  Marine  
  85  16:58  Supply Depot  
  85  16:59  Supply Depot  
  86  17:06  Barracks Tech Lab  
  86  17:07  Supply Depot  
  86  17:08  Marine x4  
  90  17:18  SCV  
  91  17:25  Siege Tank  
  94  17:30  SCV  
  95  17:38  Refinery x2  
  95  17:42  Marine x5  
  95  17:43  Marine, SCV  
  102  17:55  SCV  
  103  18:07  SCV  
  104  18:14  Marine  
  104  18:15  Marine  
  104  18:17  Medivac x4  
  104  18:19  SCV  
  115  18:31  SCV  
  116  18:47  Medivac  
  118  18:50  Marine  
  118  18:51  Marine x2  
  121  18:58  Marine x2  
  121  19:00  Siege Tank  
  126  19:24  Factory  
  126  19:28  Marine x3  
  126  19:29  Marine x6  
  126  19:30  Marine x2  
  137  19:32  Siege Tank  
  140  19:39  Factory  
  140  19:43  Engineering Bay  
  140  19:45  Engineering Bay  
  140  19:46  Marine x3  
  140  19:47  Marine x6  
  149  19:57  Supply Depot  
  149  19:58  Supply Depot x4  
  149  20:11  Factory Tech Lab  
  149  20:18  Factory  
  149  20:19  Marine x3, Siege Tank, SCV  
  151  20:31  SCV  
  151  20:43  SCV  
  151  20:45  Marine x9  
  140  21:02  Marine  
  140  21:03  Marine x8  
  93  21:20  Marine  
  93  21:21  Marine x7  
  98  21:38  Marine  
  98  21:39  Marine x4  
  101  21:41  Marine  
  94  21:47  Marine  
Show
View Real Time Build Order
Export as new Build Order

cody Protoss 

Build Orders:  

Get SALT Encoding   

  12  0:05  Probe (Chrono Boost)  
  13  0:16  Probe (Chrono Boost)  
  14  0:37  Probe (Chrono Boost)  
  14  0:41  Pylon  
  15  0:47  Pylon  
  15  0:53  Assimilator  
  15  0:58  Assimilator  
  15  1:00  Gateway, Probe (Chrono Boost)  
  16  1:10  Probe (Chrono Boost)  
  17  1:42  Probe (Chrono Boost)  
  18  1:49  Zealot  
  18  1:53  Cybernetics Core  
  20  2:12  Nexus  
  20  2:18  Probe (Chrono Boost)  
  21  2:29  Probe (Chrono Boost)  
  22  2:30  Warp Gate  
  22  2:43  Pylon  
  22  2:51  Pylon  
  22  2:54  Pylon  
  22  2:55  Stalker  
  22  2:57  Probe (Chrono Boost)  
  25  3:08  Probe (Chrono Boost)  
  25  3:12  Forge  
  26  3:16  Assimilator  
  26  3:26  Probe (Chrono Boost)  
  27  3:30  Probe (Chrono Boost)  
  28  3:37  Stalker, Probe (Chrono Boost)  
  31  3:47  Probe x2 (Chrono Boost)  
  33  3:57  Probe (Chrono Boost)  
  33  3:58  Probe (Chrono Boost)  
  35  4:08  Pylon  
  35  4:12  Pylon  
  35  4:18  Probe (Chrono Boost)  
  36  4:26  Photon Cannon  
  36  4:29  Probe (Chrono Boost)  
  36  4:30  Pylon  
  37  4:37  Gateway  
  37  4:39  Probe (Chrono Boost)  
  37  4:40  Gateway  
  38  4:56  Stalker  
  38  4:59  Protoss Ground Weapons Level 1  
  40  5:01  Probe (Chrono Boost)  
  41  5:12  Probe (Chrono Boost)  
  41  5:13  Robotics Facility  
  42  5:22  Probe (Chrono Boost)  
  43  5:35  Forge  
  43  5:39  Nexus  
  43  5:43  Pylon  
  43  5:49  Gateway  
  43  5:53  Probe (Chrono Boost)  
  43  5:54  Twilight Council  
  44  6:01  Observer  
  44  6:02  Assimilator  
  46  6:04  Probe (Chrono Boost)  
  46  6:07  Pylon  
  46  6:14  Probe (Chrono Boost)  
  46  6:15  Photon Cannon  
  46  6:17  Photon Cannon  
  47  6:21  Photon Cannon  
  47  6:25  Probe (Chrono Boost)  
  48  6:32  Photon Cannon  
  48  6:40  Blink  
  48  6:42  Robotics Bay  
  48  6:49  Dark Shrine  
  48  6:50  Templar Archives  
  48  6:56  Probe (Chrono Boost)  
  48  7:00  Protoss Ground Armor Level 1  
  48  7:01  Protoss Ground Weapons Level 2  
  49  7:03  Probe (Chrono Boost)  
  49  7:07  Probe (Chrono Boost)  
  51  7:14  Probe (Chrono Boost)  
  52  7:17  Stalker  
  52  7:18  Stalker  
  52  7:20  Stalker  
  58  7:25  Sentry  
  60  7:43  Colossus  
  66  7:45  Extended Thermal Lance  
  66  7:48  High Templar  
  68  7:53  Probe (Chrono Boost)  
  68  7:56  Assimilator  
  69  8:01  Assimilator  
  69  8:04  Probe (Chrono Boost)  
  70  8:06  Probe (Chrono Boost)  
  70  8:12  Dark Templar  
  73  8:13  High Templar  
  73  8:14  Probe (Chrono Boost)  
  73  8:17  Stalker, Probe (Chrono Boost)  
  79  8:25  Probe (Chrono Boost)  
  80  8:27  Probe (Chrono Boost)  
  81  8:35  Probe (Chrono Boost)  
  81  8:38  Probe (Chrono Boost)  
  83  8:46  Stargate, Probe (Chrono Boost)  
  84  8:50  Stargate  
  84  8:53  Pylon  
  84  8:56  Pylon, Probe (Chrono Boost)  
  84  8:59  Protoss Ground Armor Level 2  
  84  9:02  Colossus  
  85  9:06  Stalker  
  85  9:07  Probe (Chrono Boost)  
  94  9:14  Dark Templar  
  96  9:17  Dark Templar  
  98  9:28  Psionic Storm  
  92  10:26  Colossus  
  98  10:29  Protoss Ground Weapons Level 3  
  98  11:00  Stalker  
  98  11:01  Stalker x2  
  104  11:05  High Templar  
  100  11:29  Colossus  
  100  11:31  Void Ray  
  100  11:32  Void Ray  
  114  11:35  Stalker  
  114  11:36  Stalker x2  
  118  12:35  Colossus  
  124  12:38  Stalker  
  124  12:39  Stalker x2  
  124  12:41  Stalker  
  132  13:05  Stalker  
  132  13:06  Stalker x2  
  138  13:16  Pylon  
  138  13:18  Pylon  
  138  13:20  Pylon x2  
  138  13:29  Protoss Ground Armor Level 3  
  138  13:31  Pylon  
  138  13:34  Colossus, Void Ray  
  138  13:36  Void Ray  
  144  14:10  Dark Templar x2  
  144  14:11  Dark Templar x2  
  152  14:17  Void Ray  
  152  14:19  Void Ray  
  160  14:28  Observer  
  88  16:13  Colossus  
  88  16:17  Dark Templar  
  88  16:18  Dark Templar x3  
  74  16:23  Void Ray x2  
  84  16:26  Gateway  
  84  16:29  Gateway, Protoss Shields Level 1  
  84  16:35  Gateway  
  84  16:38  Gateway  
  84  16:53  Stalker  
  84  16:54  Stalker x3  
  92  17:01  Charge  
  92  17:07  Colossus  
  98  17:15  Void Ray x2  
  98  17:22  Stalker x3  
  110  17:24  Stalker  
  114  17:45  Stalker  
  114  17:46  Stalker x2  
  114  17:47  Stalker x2  
  114  17:48  Stalker x2  
  102  18:51  Stalker  
  102  18:52  Stalker x3  
  102  18:53  Stalker x2  
  102  18:54  Stalker  
  116  18:55  Stalker  
  116  18:57  Colossus  
  124  19:25  Zealot x4  
  124  19:26  Zealot  
  124  19:28  Dark Templar x2  
  124  19:30  High Templar  
  140  19:40  Nexus  
  140  19:51  Void Ray x2  
  140  19:52  Observer  
  149  20:12  Colossus  
  57  20:52  Dark Templar  
  57  20:53  Dark Templar x3  
  57  20:54  Dark Templar  
  46  21:30  Assimilator  
  46  21:32  Assimilator  
  46  21:37  Zealot x2  
  46  21:38  Zealot x2  
  46  21:39  Zealot  
  28  22:52  Pylon  
  28  22:53  Pylon  
Tags
 
Add a new tag
Caveats
  • Supply blocks, unpowered buildings, or Contaminate may cause inaccurate times.
  • Supply counts are checked every 10 seconds.